 Dungeon Sprint DCSS version 0.28.0-62-gf88900778d (webtiles) character file.

Game seed: 11841608375495176257

10 Iago the Ruffian (level 2, -3/31 HPs)
             Began as a Troll Berserker on Feb 24, 2023.
             Was a Believer of Trog.
             Slain by a merfolk siren
             ... wielding a +0 trident
              (22 damage)
             ... in the Dungeon (Sprint II: "The Violet Keep of Menkaure").
             The game lasted 00:00:36 (29 turns).

Iago the Ruffian (Troll Berserker)                    Turns: 29, Time: 00:00:37

Health: -3/31      AC:  4    Str: 24    XL:     2   Next: 10%
Magic:  1/1        EV: 10    Int:  3    God:    Trog [**....]
Gold:   0          SH:  0    Dex:  9    Spells: 1/1 levels left

rFire   . . .      SeeInvis .     - Unarmed
rCold   . . .      Faith    .   (no shield)
rNeg    . . .      Spirit   .   a - +0 animal skin
rPois   .          Reflect  .   (helmet restricted)
rElec   .          Harm     .   (no cloak)
rCorr   .          Rampage  .   (gloves unavailable)
Will    .....      NoTele   +   (boots unavailable)
Stlth   +.........              (no amulet)
HPRegen 0.90/turn               (no ring)
MPRegen 0.07/turn               (no ring)

@: mesmerised
A: large, unfitting armour, claws 3, regeneration 1, shaggy fur 1, tough skin 1
a: Renounce Religion, Berserk, Trog's Hand


You were in the Dungeon.
You worshipped Trog.
Trog was pleased with you.
You visited 1 branch

Inventory:

Armour
 a - a +0 animal skin (worn)
Scrolls
 g - a scroll of blinking
Potions
 b - a potion of curing
 c - a potion of heal wounds
 d - a potion of haste
 e - 2 potions of magic
 f - a potion of berserk rage


   Skills:
 * Level 3.2 Fighting
 * Level 3.1 Dodging
 * Level 3.9 Unarmed Combat


You had one spell level left.
You didn't know any spells.
Your spell library was empty.

Dungeon Overview and Level Annotations

Branches:
Dungeon (1/1)

Altars:


Innate Abilities, Weirdness & Mutations

You are too large for most types of armour.
You have claws for hands.
Your natural rate of healing is unusually fast.
You are covered in fur. (AC +1)
You have tough skin. (AC +1)


Message History

The worm bites you.
You scratch the worm.
The worm is moderately wounded.
You barely miss the worm.
The worm is moderately wounded.
The worm bites you!
* * * LOW HITPOINT WARNING * * *
You barely miss the worm.
The worm is moderately wounded.
You barely miss the worm.
The worm is moderately wounded.
The worm barely misses you.
You scratch the worm.
The worm is heavily wounded.
The worm closely misses you.
You scratch the worm.
The worm is heavily wounded.
You claw the worm!
You kill the worm!
Trog accepts your kill.
You can now call upon Trog for regeneration and willpower.
You have reached level 2!
There is a staircase leading out of the dungeon here.
You open the door.
A merfolk siren comes into view. It is wielding a +0 trident.
The merfolk siren shouts!
The merfolk siren chants a haunting song.
You are mesmerised by the merfolk siren!
You are too injured to fight recklessly!
The merfolk siren chants its luring song.
There is an open door here.
The merfolk siren chants its luring song.
You miss the merfolk siren.
The merfolk siren chants its luring song.
You closely miss the merfolk siren.
The merfolk siren chants its luring song.
You closely miss the merfolk siren.
The merfolk siren hits you with a +0 trident!!
Ouch! That really hurt!
You die...

## ##
##.###+# #.#
#.m.##.##.#
#@'.<.'#
#...##.##†..#
##.###+# #.##
## ##


You could see a merfolk siren (mesmerising).

Vanquished Creatures
  3 worms (D)
3 creatures vanquished.

Notes
Turn   | Place    | Note
-------+----------+-------------------------------------------
     0 | D        | Iago the Troll Berserker began the quest for the Orb.
     0 | D        | Reached XP level 1. HP: 22/22 MP: 0/0
    20 | D        | Reached ** piety under Trog
    21 | D        | Reached XP level 2. HP: 12/31 MP: 1/1
    24 | D        | Noticed a merfolk siren
    29 | D        | Slain by a merfolk siren

Illustrated notes

Levels and vault maps discovered:
D:        the_violet_keep_of_menkaure [sprint2_stairs_cluster_1,
          sprint2_shoproom, sprint2_temple, sprint2_basic_supplies,
          sprint2_obstacle_3, sprint2_obstacle_7, sprint2_obstacle_1,
          sprint2_obstacle_6, sprint2_obstacle_2, sprint2_timed_cluster_1,
          sprint2_smallroom_cluster_1, sprint2_smallroom_final_cluster_1,
          sprint2_transparent_cluster_1, sprint2_second_timed_cluster_1,
          sprint2_sniper_area_1, sprint2_heavy_combat_area_1,
          sprint2_mutation_trap_area_1, sprint2_forest_area_1,
          sprint2_light_combat_area_1, sprint2_behind_water_1,
          sprint2_near_end_vault_1]

Skill      XL: |  1 |
---------------+----+-----
Fighting       | 3 |  3.2
Dodging        | 3 |  3.1
Unarmed Combat | |  3.9

Action                   || total
-------------------------++-------
Melee: Unarmed           ||    21
Dodge: Dodged            ||     7
